 Dungeon Crawl Stone Soup version 0.31-a0-1009-g454b1f1 (webtiles) character file.

Game seed: 10300218891333864140

74 Partyfoot the Ruffian (level 4, -5/32 HPs)
             Began as a Demonspawn Shapeshifter on Nov 15, 2023.
             Slain by an ogre
             ... wielding a +0 giant club
              (20 damage)
             ... on level 3 of the Dungeon.
             The game lasted 00:04:56 (1835 turns).

Partyfoot the Ruffian (Demonspawn Shapeshifter)     Turns: 1835, Time: 00:04:57

Health: -5/32      AC:  5    Str: 16    XL:     4   Next: 9%
Magic:  4/4        EV: 11    Int: 11    God:
Gold:   107        SH:  4    Dex: 13    Spells: 3/3 levels left

rFire   . .          .
                       - Unarmed
rCold   . . .        (no shield)
rNeg    . . .        l - +0 ring mail
rPois   .            (helmet currently unavailable)
rElec   .            (cloak currently unavailable)
rCorr   .            (gloves currently unavailable)
SInv    .            (boots currently unavailable)
Will    .....        (no amulet)
Stlth   +            (no ring)
HPRegen 0.25/turn    (no ring)
MPRegen 0.09/turn

%: no passive effects
@: beast-form
A: beast (slay +2), horns 1, large bone plates 1
a: Begin Untransformation


You were on level 3 of the Dungeon.
You were a hulking beast.
You visited 1 branch of the dungeon, and saw 3 of its levels.

You collected 107 gold pieces.

Inventory:

Armour
 a - a +0 animal skin
 e - a +0 pair of boots
 l - a +0 ring mail (worn)
Jewellery
 r - an amulet of reflection
Talismans
 c - a beast talisman
 d - a flux talisman
Scrolls
 f - 4 scrolls of identify {unknown}
 i - 2 scrolls of enchant armour {unknown}
 m - a scroll of vulnerability {unknown}
 n - 2 scrolls of butterflies {unknown}
 o - a scroll of immolation {unknown}
Potions
 b - a potion of lignification
 g - a potion of heal wounds {unknown}
 h - a potion of attraction {unknown}
 j - 2 potions of mutation {unknown}
 k - a potion of cancellation {unknown}
 p - a potion of berserk rage {unknown}
 q - a potion of enlightenment {unknown}


   Skills:
 - Level 1.0 Fighting
 - Level 1.7 Dodging
 + Level 3.7 Unarmed Combat
 + Level 3.5 Shapeshifting


You had 3 spell levels left.
You didn't know any spells.
Your spell library was empty.

Dungeon Overview and Level Annotations

Branches:
Dungeon (3/15)

Altars:

Portals:
Abyss: D:1***


Innate Abilities, Weirdness & Mutations

You are a hulking beast.
Your limbs bulge with bestial killing power. (Slay +2)
You have a pair of small horns on your head.
You are partially covered in large bone plates. (SH +4)


Message History

Moving in this stuff is going to be slow.
Done exploring.
There is a stone staircase leading down here.
You climb downwards.
There is a stone staircase leading up here.
Found 4 poisoned darts.
A goblin comes into view. It is wielding a +0 club.
The goblin shouts!
The goblin hits you with a +0 club.
You hit the goblin.
You kill the goblin!
No target in view!
No target in view!
HP restored.
Things that are here:
a +0 club; a goblin corpse An ogre comes into view.
It is wielding a +0 giant club.
Found a brown potion and a scroll labelled YMECUE CESEU.
The ogre shouts!
An ogre is nearby!
Found 12 gold pieces.
You barely miss the ogre.
You headbutt the ogre, but do no damage.
The ogre hits you with a +0 giant club!!
Ouch! That really hurt!
You hit the ogre.
The ogre is lightly wounded.
The ogre misses you.
You hit the ogre. Your punch misses the ogre.
The ogre is moderately wounded.
You hit the ogre.
The ogre is moderately wounded.
You block the ogre's attack.
You barely miss the ogre. You headbutt the ogre!
The ogre is severely wounded.
You completely miss the ogre.
The ogre is severely wounded.
The ogre hits you with a +0 giant club!!
Ouch! That really hurt!
You die...

.....+.....#.
#..#.#......##
#.##.#........
#.##.#........
###.##.#........
#.#)##.#$.......
##(#.#.#........
#.#.#.#....!?...
##.#.#.#h######
#.#.#.#.#O..#
#<.#.#.#+...#
#.#.#.#.#...#
#.#.#.#.#+...#
#.#.#.#.#.#...#
.#.#.#+#.#....#
.# .# ..#.### .#
.+


You could see an ogre.

Vanquished Creatures
  3 adders (D:2)
  2 worms (D:2)
  2 ball pythons (D:1)
  6 endoplasms
  3 giant cockroaches
  6 goblins
  4 hobgoblins
  A quokka (D:1)
  2 frilled lizards
  2 kobolds
  8 rats
39 creatures vanquished.

Notes
Turn   | Place    | Note
-------+----------+-------------------------------------------
     0 | D:1      | Partyfoot the Demonspawn Shapeshifter began the quest for
                  | the Orb.
     0 | D:1      | Reached XP level 1. HP: 15/15 MP: 1/1
   221 | D:1      | Gained mutation: You are partially covered in large bone
                  | plates. (SH +4) [demonic ancestry]
   221 | D:1      | Reached XP level 2. HP: 15/21 MP: 2/2
   444 | D:1      | You fall into a shaft and drop 1 floor!
   570 | D:2      | Reached XP level 3. HP: 18/26 MP: 3/3
  1801 | D:2      | Gained mutation: You have a pair of small horns on your
                  | head. [demonic ancestry]
  1801 | D:2      | Reached XP level 4. HP: 32/32 MP: 4/4
  1827 | D:3      | Noticed an ogre
  1835 | D:3      | Slain by an ogre

Illustrated notes

Levels and vault maps discovered:
D:1:      minmay_arrival_glassed_features, layout_basic
D:2:      layout_basic, minivault_4, kennysheep_generic_room_9
D:3:      layout_basic, gammafunk_ghost_smash,
          shapermc_ecumenical_altar_starsandcircs

Skill      XL: |  1  2 |
---------------+-------+-----
Unarmed Combat | 3 |  3.7
Shapeshifting  | 3 |  3.5
Fighting       | |  1.0
Dodging        | |  1.7

Action                     |  1- 3 |  4- 6 || total
---------------------------+-------+-------++-------
  Melee: Unarmed           |   121 |     7 ||   128
         Punch             |     3 |       ||     3
         Headbutt          |       |     2 ||     2
 Armour: Animal skin       |    19 |       ||    19
         Ring mail         |    31 |     3 ||    34
  Dodge: Dodged            |    56 |     1 ||    57
  Block: Other             |     8 |     1 ||     9

Table legend: (Time is in decaauts)
 A = Elapsed time spent in this place.
 B = Non-inter-level travel time spent in this place.
 C = Inter-level travel time spent in this place.
 D = Time resting spent in this place.
 E = Time spent auto-exploring this place.
 F = Levels seen in this place.
 G = Mean time per level.
                   A        B        C        D        E       F      G
               +--------+--------+--------+--------+--------+-----+--------+
         Total |   1826 |   1688 |    138 |     42 |   1354 |   3 |  608.7 |
       Dungeon |   1826 |   1688 |    138 |     42 |   1354 |   3 |  608.7 |
               +--------+--------+--------+--------+--------+-----+--------+

Top non-repeatable levels by time:
     D:2: 1091 daAuts
     D:1: 716 daAuts
     D:3: 18 daAuts
